%YAML 1.1
%TAG !u! tag:unity3d.com,2011:
--- !u!1 &2944313476378302745
GameObject:
  m_ObjectHideFlags: 0
  m_CorrespondingSourceObject: {fileID: 0}
  m_PrefabInstance: {fileID: 0}
  m_PrefabAsset: {fileID: 0}
  serializedVersion: 6
  m_Component:
  - component: {fileID: 4527196126417366295}
  m_Layer: 0
  m_Name: road_CrossRoad
  m_TagString: Untagged
  m_Icon: {fileID: 0}
  m_NavMeshLayer: 0
  m_StaticEditorFlags: 0
  m_IsActive: 1
--- !u!4 &4527196126417366295
Transform:
  m_ObjectHideFlags: 0
  m_CorrespondingSourceObject: {fileID: 0}
  m_PrefabInstance: {fileID: 0}
  m_PrefabAsset: {fileID: 0}
  m_GameObject: {fileID: 2944313476378302745}
  m_LocalRotation: {x: 0, y: 0, z: 0, w: 1}
  m_LocalPosition: {x: 0, y: 0, z: 0}
  m_LocalScale: {x: 1, y: 1, z: 1}
  m_Children:
  - {fileID: 5406176733657361098}
  - {fileID: 8078334974995502539}
  m_Father: {fileID: 0}
  m_RootOrder: 0
  m_LocalEulerAnglesHint: {x: 0, y: 0, z: 0}
--- !u!1 &3083643584257655393
GameObject:
  m_ObjectHideFlags: 0
  m_CorrespondingSourceObject: {fileID: 0}
  m_PrefabInstance: {fileID: 0}
  m_PrefabAsset: {fileID: 0}
  serializedVersion: 6
  m_Component:
  - component: {fileID: 8078334974995502539}
  m_Layer: 0
  m_Name: GameObject
  m_TagString: Untagged
  m_Icon: {fileID: 0}
  m_NavMeshLayer: 0
  m_StaticEditorFlags: 0
  m_IsActive: 1
--- !u!4 &8078334974995502539
Transform:
  m_ObjectHideFlags: 0
  m_CorrespondingSourceObject: {fileID: 0}
  m_PrefabInstance: {fileID: 0}
  m_PrefabAsset: {fileID: 0}
  m_GameObject: {fileID: 3083643584257655393}
  m_LocalRotation: {x: 0, y: 0, z: 0, w: 1}
  m_LocalPosition: {x: 0.004, y: 0, z: -0.009}
  m_LocalScale: {x: 1, y: 1, z: 1}
  m_Children:
  - {fileID: 2500986590930351481}
  - {fileID: 5322351398468945607}
  - {fileID: 1413617214092607784}
  - {fileID: 2915858363529012305}
  - {fileID: 8569515636391251878}
  m_Father: {fileID: 4527196126417366295}
  m_RootOrder: 1
  m_LocalEulerAnglesHint: {x: 0, y: 0, z: 0}
--- !u!1 &5662712380981158365
GameObject:
  m_ObjectHideFlags: 0
  m_CorrespondingSourceObject: {fileID: 0}
  m_PrefabInstance: {fileID: 0}
  m_PrefabAsset: {fileID: 0}
  serializedVersion: 6
  m_Component:
  - component: {fileID: 5406176733657361098}
  - component: {fileID: 8872977234784418616}
  - component: {fileID: 5531117532937269247}
  - component: {fileID: 3730754446624348700}
  m_Layer: 0
  m_Name: ARCell (3)
  m_TagString: Untagged
  m_Icon: {fileID: 0}
  m_NavMeshLayer: 0
  m_StaticEditorFlags: 0
  m_IsActive: 0
--- !u!4 &5406176733657361098
Transform:
  m_ObjectHideFlags: 0
  m_CorrespondingSourceObject: {fileID: 0}
  m_PrefabInstance: {fileID: 0}
  m_PrefabAsset: {fileID: 0}
  m_GameObject: {fileID: 5662712380981158365}
  m_LocalRotation: {x: -0, y: -0, z: -0, w: 1}
  m_LocalPosition: {x: 0, y: 0, z: 0}
  m_LocalScale: {x: 0.14999999, y: 0.14999999, z: 0.14999999}
  m_Children: []
  m_Father: {fileID: 4527196126417366295}
  m_RootOrder: 0
  m_LocalEulerAnglesHint: {x: 0, y: 0, z: 0}
--- !u!33 &8872977234784418616
MeshFilter:
  m_ObjectHideFlags: 0
  m_CorrespondingSourceObject: {fileID: 0}
  m_PrefabInstance: {fileID: 0}
  m_PrefabAsset: {fileID: 0}
  m_GameObject: {fileID: 5662712380981158365}
  m_Mesh: {fileID: 10209, guid: 0000000000000000e000000000000000, type: 0}
--- !u!23 &5531117532937269247
MeshRenderer:
  m_ObjectHideFlags: 0
  m_CorrespondingSourceObject: {fileID: 0}
  m_PrefabInstance: {fileID: 0}
  m_PrefabAsset: {fileID: 0}
  m_GameObject: {fileID: 5662712380981158365}
  m_Enabled: 1
  m_CastShadows: 1
  m_ReceiveShadows: 1
  m_DynamicOccludee: 1
  m_MotionVectors: 1
  m_LightProbeUsage: 1
  m_ReflectionProbeUsage: 1
  m_RenderingLayerMask: 4294967295
  m_RendererPriority: 0
  m_Materials:
  - {fileID: 2100000, guid: f4ebb03190b800d448301f71bcf1201b, type: 2}
  m_StaticBatchInfo:
    firstSubMesh: 0
    subMeshCount: 0
  m_StaticBatchRoot: {fileID: 0}
  m_ProbeAnchor: {fileID: 0}
  m_LightProbeVolumeOverride: {fileID: 0}
  m_ScaleInLightmap: 1
  m_PreserveUVs: 0
  m_IgnoreNormalsForChartDetection: 0
  m_ImportantGI: 0
  m_StitchLightmapSeams: 0
  m_SelectedEditorRenderState: 3
  m_MinimumChartSize: 4
  m_AutoUVMaxDistance: 0.5
  m_AutoUVMaxAngle: 89
  m_LightmapParameters: {fileID: 0}
  m_SortingLayerID: 0
  m_SortingLayer: 0
  m_SortingOrder: 0
--- !u!64 &3730754446624348700
MeshCollider:
  m_ObjectHideFlags: 0
  m_CorrespondingSourceObject: {fileID: 0}
  m_PrefabInstance: {fileID: 0}
  m_PrefabAsset: {fileID: 0}
  m_GameObject: {fileID: 5662712380981158365}
  m_Material: {fileID: 0}
  m_IsTrigger: 0
  m_Enabled: 1
  serializedVersion: 3
  m_Convex: 0
  m_CookingOptions: 14
  m_Mesh: {fileID: 10209, guid: 0000000000000000e000000000000000, type: 0}
--- !u!1001 &1413617214092294072
PrefabInstance:
  m_ObjectHideFlags: 0
  serializedVersion: 2
  m_Modification:
    m_TransformParent: {fileID: 8078334974995502539}
    m_Modifications:
    - target: {fileID: 132240, guid: 0055529a47fc35243b4349e37a74166d, type: 3}
      propertyPath: m_Name
      value: CarRoad_Single_Straight (2)
      objectReference: {fileID: 0}
    - target: {fileID: 472720, guid: 0055529a47fc35243b4349e37a74166d, type: 3}
      propertyPath: m_LocalPosition.x
      value: -1.1250001
      objectReference: {fileID: 0}
    - target: {fileID: 472720, guid: 0055529a47fc35243b4349e37a74166d, type: 3}
      propertyPath: m_LocalPosition.y
      value: 0
      objectReference: {fileID: 0}
    - target: {fileID: 472720, guid: 0055529a47fc35243b4349e37a74166d, type: 3}
      propertyPath: m_LocalPosition.z
      value: 0.007986546
      objectReference: {fileID: 0}
    - target: {fileID: 472720, guid: 0055529a47fc35243b4349e37a74166d, type: 3}
      propertyPath: m_LocalRotation.x
      value: -0
      objectReference: {fileID: 0}
    - target: {fileID: 472720, guid: 0055529a47fc35243b4349e37a74166d, type: 3}
      propertyPath: m_LocalRotation.y
      value: -0
      objectReference: {fileID: 0}
    - target: {fileID: 472720, guid: 0055529a47fc35243b4349e37a74166d, type: 3}
      propertyPath: m_LocalRotation.z
      value: -0
      objectReference: {fileID: 0}
    - target: {fileID: 472720, guid: 0055529a47fc35243b4349e37a74166d, type: 3}
      propertyPath: m_LocalRotation.w
      value: 1
      objectReference: {fileID: 0}
    - target: {fileID: 472720, guid: 0055529a47fc35243b4349e37a74166d, type: 3}
      propertyPath: m_RootOrder
      value: 2
      objectReference: {fileID: 0}
    - target: {fileID: 472720, guid: 0055529a47fc35243b4349e37a74166d, type: 3}
      propertyPath: m_LocalEulerAnglesHint.x
      value: 0
      objectReference: {fileID: 0}
    - target: {fileID: 472720, guid: 0055529a47fc35243b4349e37a74166d, type: 3}
      propertyPath: m_LocalEulerAnglesHint.y
      value: 0
      objectReference: {fileID: 0}
    - target: {fileID: 472720, guid: 0055529a47fc35243b4349e37a74166d, type: 3}
      propertyPath: m_LocalEulerAnglesHint.z
      value: 0
      objectReference: {fileID: 0}
    - target: {fileID: 472720, guid: 0055529a47fc35243b4349e37a74166d, type: 3}
      propertyPath: m_LocalScale.x
      value: 0.075
      objectReference: {fileID: 0}
    - target: {fileID: 472720, guid: 0055529a47fc35243b4349e37a74166d, type: 3}
      propertyPath: m_LocalScale.z
      value: 0.15
      objectReference: {fileID: 0}
    - target: {fileID: 472720, guid: 0055529a47fc35243b4349e37a74166d, type: 3}
      propertyPath: m_LocalScale.y
      value: 0.15
      objectReference: {fileID: 0}
    m_RemovedComponents: []
  m_SourcePrefab: {fileID: 100100000, guid: 0055529a47fc35243b4349e37a74166d, type: 3}
--- !u!4 &1413617214092607784 stripped
Transform:
  m_CorrespondingSourceObject: {fileID: 472720, guid: 0055529a47fc35243b4349e37a74166d,
    type: 3}
  m_PrefabInstance: {fileID: 1413617214092294072}
  m_PrefabAsset: {fileID: 0}
--- !u!1001 &2500986590930404329
PrefabInstance:
  m_ObjectHideFlags: 0
  serializedVersion: 2
  m_Modification:
    m_TransformParent: {fileID: 8078334974995502539}
    m_Modifications:
    - target: {fileID: 132240, guid: 0055529a47fc35243b4349e37a74166d, type: 3}
      propertyPath: m_Name
      value: CarRoad_Single_Straight (1)
      objectReference: {fileID: 0}
    - target: {fileID: 472720, guid: 0055529a47fc35243b4349e37a74166d, type: 3}
      propertyPath: m_LocalPosition.x
      value: 1.1090001
      objectReference: {fileID: 0}
    - target: {fileID: 472720, guid: 0055529a47fc35243b4349e37a74166d, type: 3}
      propertyPath: m_LocalPosition.y
      value: 0
      objectReference: {fileID: 0}
    - target: {fileID: 472720, guid: 0055529a47fc35243b4349e37a74166d, type: 3}
      propertyPath: m_LocalPosition.z
      value: 0.007986546
      objectReference: {fileID: 0}
    - target: {fileID: 472720, guid: 0055529a47fc35243b4349e37a74166d, type: 3}
      propertyPath: m_LocalRotation.x
      value: -0
      objectReference: {fileID: 0}
    - target: {fileID: 472720, guid: 0055529a47fc35243b4349e37a74166d, type: 3}
      propertyPath: m_LocalRotation.y
      value: -0
      objectReference: {fileID: 0}
    - target: {fileID: 472720, guid: 0055529a47fc35243b4349e37a74166d, type: 3}
      propertyPath: m_LocalRotation.z
      value: -0
      objectReference: {fileID: 0}
    - target: {fileID: 472720, guid: 0055529a47fc35243b4349e37a74166d, type: 3}
      propertyPath: m_LocalRotation.w
      value: 1
      objectReference: {fileID: 0}
    - target: {fileID: 472720, guid: 0055529a47fc35243b4349e37a74166d, type: 3}
      propertyPath: m_RootOrder
      value: 0
      objectReference: {fileID: 0}
    - target: {fileID: 472720, guid: 0055529a47fc35243b4349e37a74166d, type: 3}
      propertyPath: m_LocalEulerAnglesHint.x
      value: 0
      objectReference: {fileID: 0}
    - target: {fileID: 472720, guid: 0055529a47fc35243b4349e37a74166d, type: 3}
      propertyPath: m_LocalEulerAnglesHint.y
      value: 0
      objectReference: {fileID: 0}
    - target: {fileID: 472720, guid: 0055529a47fc35243b4349e37a74166d, type: 3}
      propertyPath: m_LocalEulerAnglesHint.z
      value: 0
      objectReference: {fileID: 0}
    - target: {fileID: 472720, guid: 0055529a47fc35243b4349e37a74166d, type: 3}
      propertyPath: m_LocalScale.x
      value: 0.075
      objectReference: {fileID: 0}
    - target: {fileID: 472720, guid: 0055529a47fc35243b4349e37a74166d, type: 3}
      propertyPath: m_LocalScale.z
      value: 0.15
      objectReference: {fileID: 0}
    - target: {fileID: 472720, guid: 0055529a47fc35243b4349e37a74166d, type: 3}
      propertyPath: m_LocalScale.y
      value: 0.15
      objectReference: {fileID: 0}
    m_RemovedComponents: []
  m_SourcePrefab: {fileID: 100100000, guid: 0055529a47fc35243b4349e37a74166d, type: 3}
--- !u!4 &2500986590930351481 stripped
Transform:
  m_CorrespondingSourceObject: {fileID: 472720, guid: 0055529a47fc35243b4349e37a74166d,
    type: 3}
  m_PrefabInstance: {fileID: 2500986590930404329}
  m_PrefabAsset: {fileID: 0}
--- !u!1001 &2915858363528549057
PrefabInstance:
  m_ObjectHideFlags: 0
  serializedVersion: 2
  m_Modification:
    m_TransformParent: {fileID: 8078334974995502539}
    m_Modifications:
    - target: {fileID: 132240, guid: 0055529a47fc35243b4349e37a74166d, type: 3}
      propertyPath: m_Name
      value: CarRoad_Single_Straight (3)
      objectReference: {fileID: 0}
    - target: {fileID: 472720, guid: 0055529a47fc35243b4349e37a74166d, type: 3}
      propertyPath: m_LocalPosition.x
      value: -0.003
      objectReference: {fileID: 0}
    - target: {fileID: 472720, guid: 0055529a47fc35243b4349e37a74166d, type: 3}
      propertyPath: m_LocalPosition.y
      value: 0
      objectReference: {fileID: 0}
    - target: {fileID: 472720, guid: 0055529a47fc35243b4349e37a74166d, type: 3}
      propertyPath: m_LocalPosition.z
      value: -1.103
      objectReference: {fileID: 0}
    - target: {fileID: 472720, guid: 0055529a47fc35243b4349e37a74166d, type: 3}
      propertyPath: m_LocalRotation.x
      value: -0
      objectReference: {fileID: 0}
    - target: {fileID: 472720, guid: 0055529a47fc35243b4349e37a74166d, type: 3}
      propertyPath: m_LocalRotation.y
      value: 0.7071068
      objectReference: {fileID: 0}
    - target: {fileID: 472720, guid: 0055529a47fc35243b4349e37a74166d, type: 3}
      propertyPath: m_LocalRotation.z
      value: -0
      objectReference: {fileID: 0}
    - target: {fileID: 472720, guid: 0055529a47fc35243b4349e37a74166d, type: 3}
      propertyPath: m_LocalRotation.w
      value: 0.7071068
      objectReference: {fileID: 0}
    - target: {fileID: 472720, guid: 0055529a47fc35243b4349e37a74166d, type: 3}
      propertyPath: m_RootOrder
      value: 3
      objectReference: {fileID: 0}
    - target: {fileID: 472720, guid: 0055529a47fc35243b4349e37a74166d, type: 3}
      propertyPath: m_LocalEulerAnglesHint.x
      value: 0
      objectReference: {fileID: 0}
    - target: {fileID: 472720, guid: 0055529a47fc35243b4349e37a74166d, type: 3}
      propertyPath: m_LocalEulerAnglesHint.y
      value: 90
      objectReference: {fileID: 0}
    - target: {fileID: 472720, guid: 0055529a47fc35243b4349e37a74166d, type: 3}
      propertyPath: m_LocalEulerAnglesHint.z
      value: 0
      objectReference: {fileID: 0}
    - target: {fileID: 472720, guid: 0055529a47fc35243b4349e37a74166d, type: 3}
      propertyPath: m_LocalScale.x
      value: 0.07500003
      objectReference: {fileID: 0}
    - target: {fileID: 472720, guid: 0055529a47fc35243b4349e37a74166d, type: 3}
      propertyPath: m_LocalScale.z
      value: 0.15000007
      objectReference: {fileID: 0}
    - target: {fileID: 472720, guid: 0055529a47fc35243b4349e37a74166d, type: 3}
      propertyPath: m_LocalScale.y
      value: 0.15
      objectReference: {fileID: 0}
    m_RemovedComponents: []
  m_SourcePrefab: {fileID: 100100000, guid: 0055529a47fc35243b4349e37a74166d, type: 3}
--- !u!4 &2915858363529012305 stripped
Transform:
  m_CorrespondingSourceObject: {fileID: 472720, guid: 0055529a47fc35243b4349e37a74166d,
    type: 3}
  m_PrefabInstance: {fileID: 2915858363528549057}
  m_PrefabAsset: {fileID: 0}
--- !u!1001 &5322351398468978769
PrefabInstance:
  m_ObjectHideFlags: 0
  serializedVersion: 2
  m_Modification:
    m_TransformParent: {fileID: 8078334974995502539}
    m_Modifications:
    - target: {fileID: 172264, guid: d66c5327900e25249afc25c35590d2c0, type: 3}
      propertyPath: m_Name
      value: CarRoad_Single_Intersection
      objectReference: {fileID: 0}
    - target: {fileID: 495254, guid: d66c5327900e25249afc25c35590d2c0, type: 3}
      propertyPath: m_LocalPosition.x
      value: -0.004904844
      objectReference: {fileID: 0}
    - target: {fileID: 495254, guid: d66c5327900e25249afc25c35590d2c0, type: 3}
      propertyPath: m_LocalPosition.y
      value: 0
      objectReference: {fileID: 0}
    - target: {fileID: 495254, guid: d66c5327900e25249afc25c35590d2c0, type: 3}
      propertyPath: m_LocalPosition.z
      value: 0.007986546
      objectReference: {fileID: 0}
    - target: {fileID: 495254, guid: d66c5327900e25249afc25c35590d2c0, type: 3}
      propertyPath: m_LocalRotation.x
      value: -0
      objectReference: {fileID: 0}
    - target: {fileID: 495254, guid: d66c5327900e25249afc25c35590d2c0, type: 3}
      propertyPath: m_LocalRotation.y
      value: -0
      objectReference: {fileID: 0}
    - target: {fileID: 495254, guid: d66c5327900e25249afc25c35590d2c0, type: 3}
      propertyPath: m_LocalRotation.z
      value: -0
      objectReference: {fileID: 0}
    - target: {fileID: 495254, guid: d66c5327900e25249afc25c35590d2c0, type: 3}
      propertyPath: m_LocalRotation.w
      value: 1
      objectReference: {fileID: 0}
    - target: {fileID: 495254, guid: d66c5327900e25249afc25c35590d2c0, type: 3}
      propertyPath: m_RootOrder
      value: 1
      objectReference: {fileID: 0}
    - target: {fileID: 495254, guid: d66c5327900e25249afc25c35590d2c0, type: 3}
      propertyPath: m_LocalEulerAnglesHint.x
      value: 0
      objectReference: {fileID: 0}
    - target: {fileID: 495254, guid: d66c5327900e25249afc25c35590d2c0, type: 3}
      propertyPath: m_LocalEulerAnglesHint.y
      value: 0
      objectReference: {fileID: 0}
    - target: {fileID: 495254, guid: d66c5327900e25249afc25c35590d2c0, type: 3}
      propertyPath: m_LocalEulerAnglesHint.z
      value: 0
      objectReference: {fileID: 0}
    - target: {fileID: 495254, guid: d66c5327900e25249afc25c35590d2c0, type: 3}
      propertyPath: m_LocalScale.x
      value: 0.15
      objectReference: {fileID: 0}
    - target: {fileID: 495254, guid: d66c5327900e25249afc25c35590d2c0, type: 3}
      propertyPath: m_LocalScale.y
      value: 0.15
      objectReference: {fileID: 0}
    - target: {fileID: 495254, guid: d66c5327900e25249afc25c35590d2c0, type: 3}
      propertyPath: m_LocalScale.z
      value: 0.15
      objectReference: {fileID: 0}
    m_RemovedComponents: []
  m_SourcePrefab: {fileID: 100100000, guid: d66c5327900e25249afc25c35590d2c0, type: 3}
--- !u!4 &5322351398468945607 stripped
Transform:
  m_CorrespondingSourceObject: {fileID: 495254, guid: d66c5327900e25249afc25c35590d2c0,
    type: 3}
  m_PrefabInstance: {fileID: 5322351398468978769}
  m_PrefabAsset: {fileID: 0}
--- !u!1001 &8569515636391590198
PrefabInstance:
  m_ObjectHideFlags: 0
  serializedVersion: 2
  m_Modification:
    m_TransformParent: {fileID: 8078334974995502539}
    m_Modifications:
    - target: {fileID: 132240, guid: 0055529a47fc35243b4349e37a74166d, type: 3}
      propertyPath: m_Name
      value: CarRoad_Single_Straight (4)
      objectReference: {fileID: 0}
    - target: {fileID: 472720, guid: 0055529a47fc35243b4349e37a74166d, type: 3}
      propertyPath: m_LocalPosition.x
      value: -0.007999994
      objectReference: {fileID: 0}
    - target: {fileID: 472720, guid: 0055529a47fc35243b4349e37a74166d, type: 3}
      propertyPath: m_LocalPosition.y
      value: 0
      objectReference: {fileID: 0}
    - target: {fileID: 472720, guid: 0055529a47fc35243b4349e37a74166d, type: 3}
      propertyPath: m_LocalPosition.z
      value: 1.1269999
      objectReference: {fileID: 0}
    - target: {fileID: 472720, guid: 0055529a47fc35243b4349e37a74166d, type: 3}
      propertyPath: m_LocalRotation.x
      value: -0
      objectReference: {fileID: 0}
    - target: {fileID: 472720, guid: 0055529a47fc35243b4349e37a74166d, type: 3}
      propertyPath: m_LocalRotation.y
      value: 0.7071068
      objectReference: {fileID: 0}
    - target: {fileID: 472720, guid: 0055529a47fc35243b4349e37a74166d, type: 3}
      propertyPath: m_LocalRotation.z
      value: -0
      objectReference: {fileID: 0}
    - target: {fileID: 472720, guid: 0055529a47fc35243b4349e37a74166d, type: 3}
      propertyPath: m_LocalRotation.w
      value: 0.7071068
      objectReference: {fileID: 0}
    - target: {fileID: 472720, guid: 0055529a47fc35243b4349e37a74166d, type: 3}
      propertyPath: m_RootOrder
      value: 4
      objectReference: {fileID: 0}
    - target: {fileID: 472720, guid: 0055529a47fc35243b4349e37a74166d, type: 3}
      propertyPath: m_LocalEulerAnglesHint.x
      value: 0
      objectReference: {fileID: 0}
    - target: {fileID: 472720, guid: 0055529a47fc35243b4349e37a74166d, type: 3}
      propertyPath: m_LocalEulerAnglesHint.y
      value: 90
      objectReference: {fileID: 0}
    - target: {fileID: 472720, guid: 0055529a47fc35243b4349e37a74166d, type: 3}
      propertyPath: m_LocalEulerAnglesHint.z
      value: 0
      objectReference: {fileID: 0}
    - target: {fileID: 472720, guid: 0055529a47fc35243b4349e37a74166d, type: 3}
      propertyPath: m_LocalScale.x
      value: 0.07500003
      objectReference: {fileID: 0}
    - target: {fileID: 472720, guid: 0055529a47fc35243b4349e37a74166d, type: 3}
      propertyPath: m_LocalScale.z
      value: 0.15000007
      objectReference: {fileID: 0}
    - target: {fileID: 472720, guid: 0055529a47fc35243b4349e37a74166d, type: 3}
      propertyPath: m_LocalScale.y
      value: 0.15
      objectReference: {fileID: 0}
    m_RemovedComponents: []
  m_SourcePrefab: {fileID: 100100000, guid: 0055529a47fc35243b4349e37a74166d, type: 3}
--- !u!4 &8569515636391251878 stripped
Transform:
  m_CorrespondingSourceObject: {fileID: 472720, guid: 0055529a47fc35243b4349e37a74166d,
    type: 3}
  m_PrefabInstance: {fileID: 8569515636391590198}
  m_PrefabAsset: {fileID: 0}
